NYP
MILWAUKEE (NYP) BREWERS @ WEST VIRGINIA BLACK BEARS
04/04/2047
 
TOP OF THE 1ST
Milwaukee (NYP) Brewers batting - Pitching for West Virginia Black Bears : RHP Mike Rosen
Pitching: RHP Mike Rosen
Batting: RHB Dan Allred 0-0: Ball
1-0: Fly out, F8 (Flyball, 8RD, EV 108.8 MPH)
Batting: LHB Karel Hort 0-0: Called Strike
0-1: Ground out 6-3 (Groundball, 6, EV 91.2 MPH)
Batting: SHB Justin Hensley 0-0: Ball
1-0: Foul Ball, location: 2F
1-1: Called Strike
1-2: Ball
2-2: Ball
3-2: Base on Balls
Batting: SHB Ramon Perez 0-0: Ground out U3 (Groundball, 3L, EV 83.1 MPH)
Top of the 1st over - 0 runs, 0 hits, 0 errors, 1 left on base; Milwaukee (NYP) 0 - West Virginia 0
BOTTOM OF THE 1ST
West Virginia Black Bears batting - Pitching for Milwaukee (NYP) Brewers : RHP Mark Frizzell
Pitching: RHP Mark Frizzell
Batting: LHB Josh Aerni 0-0: Ball
1-0: Called Strike
1-1: Swinging Strike
1-2: SINGLE (Groundball, 4D, EV 103.1 MPH)
Batting: RHB Brandon White 0-0: Ground out 5-3 (Groundball, 56S, EV 70.0 MPH)
Josh Aerni to second
Batting: RHB Jaime Dubicki 0-0: Ball
Josh Aerni steals 3rd base
1-0: Ball
2-0: DOUBLE (Groundball, 5L, EV 101.2 MPH)
Josh Aerni scores
Batting: RHB Tim Moore 0-0: Called Strike
0-1: Ball
1-1: Ball
2-1: Swinging Strike
2-2: Ground out 6-3 (Groundball, 4MS, EV 84.4 MPH)
Jaime Dubicki to third
Batting: RHB Terrence Wilson 0-0: Called Strike
0-1: Swinging Strike
0-2: Strikes out swinging
Bottom of the 1st over - 1 run, 2 hits, 0 errors, 1 left on base; Milwaukee (NYP) 0 - West Virginia 1
TOP OF THE 2ND
Milwaukee (NYP) Brewers batting - Pitching for West Virginia Black Bears : RHP Mike Rosen
Batting: LHB Umar Matoub 0-0: Foul Ball, location: 2F
0-1: Ball
1-1: Ball
2-1: Ground out 2-3 (Groundball, 2L, EV 62.5 MPH)
Batting: RHB Dustin Hartman 0-0: Foul Ball, location: 2F
0-1: Called Strike
0-2: Foul Ball, location: 2F
0-2: Ball
1-2: Strikes out swinging
Batting: SHB Jerry Duffy 0-0: Ball
1-0: Ball
2-0: Called Strike
2-1: Swinging Strike
2-2: Foul Ball, location: 2F
2-2: Strikes out swinging
Top of the 2nd over - 0 runs, 0 hits, 0 errors, 0 left on base; Milwaukee (NYP) 0 - West Virginia 1
BOTTOM OF THE 2ND
West Virginia Black Bears batting - Pitching for Milwaukee (NYP) Brewers : RHP Mark Frizzell
Batting: RHB Alex Arzate 0-0: Foul Ball, location: 2F
0-1: Swinging Strike
0-2: DOUBLE (Line Drive, 9LM, EV 91.9 MPH)
Batting: RHB Chris Arroyo 0-0: Ball
1-0: Ball
2-0: Ball
3-0: Called Strike
3-1: Ground out 1-3 (Groundball, 25, EV 68.8 MPH)
Batting: RHB Seung-mun Kim 0-0: Called Strike
0-1: Called Strike
0-2: Ball
1-2: Foul Ball, location: 2F
1-2: Ball
2-2: Strikes out looking
Batting: RHB Perry Dominey 0-0: Called Strike
0-1: TRIPLE (Groundball, 3L, EV 105.6 MPH)
Alex Arzate scores
Batting: LHB Josh Aerni 0-0: Ball
1-0: Ball
2-0: Ball
3-0: Called Strike
3-1: Called Strike
3-2: Ground out U3 (Groundball, 3, EV 83.8 MPH)
Bottom of the 2nd over - 1 run, 2 hits, 0 errors, 1 left on base; Milwaukee (NYP) 0 - West Virginia 2
TOP OF THE 3RD
Milwaukee (NYP) Brewers batting - Pitching for West Virginia Black Bears : RHP Mike Rosen
Batting: RHB Alfredo Sena 0-0: Swinging Strike
0-1: Ball
1-1: Called Strike
1-2: Ground out 5-3 (Groundball, 56, EV 103.8 MPH)
Batting: RHB Michael Dickerson 0-0: Ball
1-0: Ball
2-0: Ball
3-0: Foul Ball, location: 2F
3-1: Swinging Strike
3-2: SINGLE (Line Drive, 89S, EV 90.6 MPH)
Batting: RHB Dan Allred 0-0: Fielders Choice at 2nd, 4-6 (Groundball, 4M, EV 85.0 MPH)
Batting: LHB Karel Hort 0-0: Called Strike
Dan Allred steals 2nd base
0-1: SINGLE (Line Drive, 56, EV 94.4 MPH)
Dan Allred to third
Runner from 3rd tries for Home, SAFE, throw by LF to home
Karel Hort to second
Batting: SHB Justin Hensley 0-0: Ball
1-0: Ball
2-0: Called Strike
2-1: Called Strike
2-2: Foul Ball, location: 2F
2-2: Ball
3-2: Fly out, F8 (Line Drive, 78M, EV 103.8 MPH)
Top of the 3rd over - 1 run, 2 hits, 0 errors, 1 left on base; Milwaukee (NYP) 1 - West Virginia 2
BOTTOM OF THE 3RD
West Virginia Black Bears batting - Pitching for Milwaukee (NYP) Brewers : RHP Mark Frizzell
Batting: RHB Brandon White 0-0: Called Strike
0-1: Foul Ball, location: 2F
0-2: Ball
1-2: Strikes out swinging
Batting: RHB Jaime Dubicki 0-0: Called Strike
0-1: Ball
1-1: Swinging Strike
1-2: Ground out U3 (Groundball, 34, EV 98.8 MPH)
Batting: RHB Tim Moore 0-0: Foul Ball, location: 2F
0-1: Foul Ball, location: 2F
0-2: Foul Ball, location: 2F
0-2: Ball
1-2: SINGLE (Line Drive, 8LS, EV 90.6 MPH)
Batting: RHB Terrence Wilson 0-0: Called Strike
0-1: Ball
1-1: SINGLE (Groundball, 56S, EV 98.8 MPH)
Tim Moore to second
Batting: RHB Alex Arzate 0-0: Called Strike
0-1: Fielders Choice at 2nd, 5-4 (Groundball, 56, EV 81.9 MPH)
Bottom of the 3rd over - 0 runs, 2 hits, 0 errors, 2 left on base; Milwaukee (NYP) 1 - West Virginia 2
TOP OF THE 4TH
Milwaukee (NYP) Brewers batting - Pitching for West Virginia Black Bears : RHP Mike Rosen
Batting: SHB Ramon Perez 0-0: Ball
1-0: Called Strike
1-1: Ground out U3 (Groundball, 34S, EV 83.8 MPH)
Batting: LHB Umar Matoub 0-0: Ball
1-0: Ball
2-0: Called Strike
2-1: Ball
3-1: Base on Balls
Batting: RHB Dustin Hartman 0-0: Called Strike
0-1: Fielders Choice at 2nd, 5-4 (Groundball, 56, EV 85.0 MPH)
Batting: SHB Jerry Duffy 0-0: Ball
1-0: Foul Ball, location: 2F
1-1: Ball
2-1: Ball
3-1: Base on Balls
Dustin Hartman to second
Batting: RHB Alfredo Sena 0-0: Ball
1-0: Ball
2-0: Called Strike
2-1: Swinging Strike
2-2: Ball
3-2: Strikes out swinging
Top of the 4th over - 0 runs, 0 hits, 0 errors, 2 left on base; Milwaukee (NYP) 1 - West Virginia 2
BOTTOM OF THE 4TH
West Virginia Black Bears batting - Pitching for Milwaukee (NYP) Brewers : RHP Mark Frizzell
Batting: RHB Chris Arroyo 0-0: Swinging Strike
0-1: Ball
1-1: Swinging Strike
1-2: Ball
2-2: Ball
3-2: Strikes out swinging
Batting: RHB Seung-mun Kim 0-0: Called Strike
0-1: Ball
1-1: Swinging Strike
1-2: Foul Ball, location: 2F
1-2: Strikes out swinging
Batting: RHB Perry Dominey 0-0: Ball
1-0: Foul Ball, location: 2F
1-1: Swinging Strike
1-2: Foul Ball, location: 2F
1-2: Strikes out swinging
Bottom of the 4th over - 0 runs, 0 hits, 0 errors, 0 left on base; Milwaukee (NYP) 1 - West Virginia 2
TOP OF THE 5TH
Milwaukee (NYP) Brewers batting - Pitching for West Virginia Black Bears : RHP Mike Rosen
Batting: RHB Michael Dickerson 0-0: Called Strike
0-1: Called Strike
0-2: Strikes out swinging
Batting: RHB Dan Allred 0-0: Ball
1-0: Foul Ball, location: 2F
1-1: Called Strike
1-2: Ground out 6-3 (Groundball, 56, EV 83.8 MPH)
Batting: LHB Karel Hort 0-0: Foul Ball, location: 2F
0-1: Foul Ball, location: 2F
0-2: Ball
1-2: Foul Ball, location: 2F
1-2: Strikes out swinging
Top of the 5th over - 0 runs, 0 hits, 0 errors, 0 left on base; Milwaukee (NYP) 1 - West Virginia 2
BOTTOM OF THE 5TH
West Virginia Black Bears batting - Pitching for Milwaukee (NYP) Brewers : RHP Mark Frizzell
Batting: LHB Josh Aerni 0-0: Ball
1-0: Called Strike
1-1: Ball
2-1: Foul Ball, location: 2F
2-2: Ball
3-2: Base on Balls
Pitching: RHP Guillermo Delgado
Batting: RHB Brandon White 0-0: Called Strike
0-1: Ball
1-1: Ball
2-1: Grounds into double play, 4-6-3 (Groundball, 4MS, EV 85.6 MPH)
Batting: RHB Jaime Dubicki 0-0: Ball
1-0: Ball
2-0: Ball
3-0: Called Strike
3-1: Base on Balls
Batting: RHB Tim Moore 0-0: Called Strike
0-1: Swinging Strike
0-2: Foul Ball, location: 2F
0-2: Fly out, F8 (Flyball, 89M, EV 90.0 MPH)
Bottom of the 5th over - 0 runs, 0 hits, 0 errors, 1 left on base; Milwaukee (NYP) 1 - West Virginia 2
TOP OF THE 6TH
Milwaukee (NYP) Brewers batting - Pitching for West Virginia Black Bears : RHP Mike Rosen
Batting: SHB Justin Hensley 0-0: Called Strike
0-1: Swinging Strike
0-2: Fly out, F4 (Line Drive, 4, EV 67.5 MPH)
Batting: SHB Ramon Perez 0-0: Ball
1-0: Foul Ball, location: 2F
1-1: SINGLE (Line Drive, 7S, EV 92.5 MPH)
Pitching: LHP Kunifusa Sakuma
Batting: LHB Umar Matoub 0-0: Foul Ball, location: 2F
0-1: Ball
1-1: Ball
2-1: Foul Ball, location: 2F
2-2: SINGLE (Groundball, 4MD, EV 97.5 MPH)
Ramon Perez to second
Batting: RHB Dustin Hartman 0-0: Ball
1-0: Called Strike
1-1: Swinging Strike
1-2: Foul Ball, location: 2F
1-2: Strikes out swinging
Batting: SHB Jerry Duffy 0-0: Called Strike
0-1: Ball
1-1: Ball
2-1: Fielders Choice at 2nd, 6-4 (Groundball, 6, EV 99.4 MPH)
Top of the 6th over - 0 runs, 2 hits, 0 errors, 2 left on base; Milwaukee (NYP) 1 - West Virginia 2
BOTTOM OF THE 6TH
West Virginia Black Bears batting - Pitching for Milwaukee (NYP) Brewers : RHP Guillermo Delgado
Batting: RHB Terrence Wilson 0-0: Ball
1-0: Ball
2-0: Ball
3-0: Called Strike
3-1: Called Strike
3-2: Strikes out looking
Batting: RHB Alex Arzate 0-0: Ball
1-0: SINGLE (Flyball, 3D, EV 88.8 MPH)
Batting: RHB Chris Arroyo 0-0: Called Strike
0-1: Ball
1-1: Foul Ball, location: 2F
1-2: Strikes out swinging
Batting: RHB Seung-mun Kim 0-0: Called Strike
0-1: Called Strike
0-2: Strikes out swinging
Bottom of the 6th over - 0 runs, 1 hit, 0 errors, 1 left on base; Milwaukee (NYP) 1 - West Virginia 2
TOP OF THE 7TH
Milwaukee (NYP) Brewers batting - Pitching for West Virginia Black Bears : LHP Kunifusa Sakuma
Now in LF: Tomohiro Yokoyama
Now in RF: Perry Dominey
Batting: RHB Alfredo Sena 0-0: Ball
1-0: Ball
2-0: Ball
3-0: Called Strike
3-1: Base on Balls
Batting: RHB Michael Dickerson 0-0: Fielders Choice at 2nd, 3-6 (Groundball, 3S, EV 78.1 MPH)
Batting: RHB Dan Allred 0-0: Foul Ball, location: 2F
0-1: Foul Ball, location: 2F
0-2: Fielders Choice at 2nd, 6-4 (Groundball, 56, EV 102.5 MPH)
Batting: LHB Karel Hort 0-0: Ball
1-0: Called Strike
1-1: Ball
2-1: Swinging Strike
2-2: Ball
Dan Allred steals 2nd base
3-2: SINGLE (Groundball, 6S, EV 60.6 MPH) (infield hit)
Dan Allred to third
Pitching: RHP Jaylen Walker
Batting: SHB Justin Hensley 0-0: Foul Ball, location: 2F
0-1: Foul Ball, location: 2F
0-2: Foul Ball, location: 2F
0-2: Ground out U3 (Groundball, 3S, EV 72.5 MPH)
Top of the 7th over - 0 runs, 1 hit, 0 errors, 2 left on base; Milwaukee (NYP) 1 - West Virginia 2
BOTTOM OF THE 7TH
West Virginia Black Bears batting - Pitching for Milwaukee (NYP) Brewers : RHP Guillermo Delgado
Batting: RHB Perry Dominey 0-0: Ball
1-0: Foul Ball, location: 2F
1-1: Foul Ball, location: 2F
1-2: Foul Ball, location: 2F
1-2: Ball
2-2: Foul Ball, location: 2F
2-2: Strikes out swinging
Batting: LHB Josh Aerni 0-0: Ground out 6-3 (Groundball, 6, EV 81.2 MPH)
Batting: RHB Brandon White 0-0: Ball
1-0: Ball
2-0: Called Strike
2-1: Fly out, F5 (Popup, 5SF, EV 78.1 MPH)
Bottom of the 7th over - 0 runs, 0 hits, 0 errors, 0 left on base; Milwaukee (NYP) 1 - West Virginia 2
TOP OF THE 8TH
Milwaukee (NYP) Brewers batting - Pitching for West Virginia Black Bears : RHP Jaylen Walker
Batting: SHB Ramon Perez 0-0: Called Strike
0-1: SOLO HOME RUN (Flyball, 9LD, EV 93.1 MPH), Distance : 349 ft
DELAY Rain delay of 19 minutes in the 8th inning.
Batting: LHB Umar Matoub 0-0: Foul Ball, location: 2F
0-1: Called Strike
0-2: Ball
1-2: Ground out 4-3 (Groundball, 34, EV 81.9 MPH)
Pinch Hitting: SHB Josh Schultze 0-0: Ball
1-0: Ball
2-0: Foul Ball, location: 2F
2-1: Called Strike
2-2: Strikes out swinging
Batting: SHB Jerry Duffy 0-0: Called Strike
0-1: Ball
1-1: Ball
2-1: Ball
3-1: Base on Balls
Pinch Hitting: LHB John Fortin 0-0: Called Strike
Jerry Duffy steals 2nd base
0-1: Ground out 5-3 (Groundball, 56, EV 98.8 MPH)
Top of the 8th over - 1 run, 1 hit, 0 errors, 1 left on base; Milwaukee (NYP) 2 - West Virginia 2
BOTTOM OF THE 8TH
West Virginia Black Bears batting - Pitching for Milwaukee (NYP) Brewers : RHP Guillermo Delgado
Now at 3B: Ramon Perez
Now at SS: Dustin Pryor
Now in CF: Sal Burgos
Batting: LHB Tomohiro Yokoyama 0-0: Swinging Strike
0-1: Ball
1-1: Foul Ball, location: 2F
1-2: Foul Ball, location: 2F
1-2: Foul Ball, location: 2F
1-2: Ball
2-2: Ball
3-2: Foul Ball, location: 2F
3-2: Fly out, F8 (Line Drive, 8LM, EV 98.8 MPH)
Batting: RHB Tim Moore 0-0: Fly out, F3 (Line Drive, 3, EV 72.5 MPH)
Batting: RHB Terrence Wilson 0-0: SINGLE (Groundball, P, EV 88.1 MPH) (infield hit)
Pitching: RHP Omar Morales
Batting: RHB Alex Arzate 0-0: Called Strike
0-1: Foul Ball, location: 2F
0-2: Foul Ball, location: 2F
0-2: Ball
1-2: Fly out, F7 (Line Drive, 7, EV 104.4 MPH)
Bottom of the 8th over - 0 runs, 1 hit, 0 errors, 1 left on base; Milwaukee (NYP) 2 - West Virginia 2
TOP OF THE 9TH
Milwaukee (NYP) Brewers batting - Pitching for West Virginia Black Bears : RHP Jaylen Walker
Pitching: RHP Serguei Rudakovsky
Pinch Hitting: SHB C.J. Olivares 0-0: Ball
1-0: Called Strike
1-1: Ball
2-1: Called Strike
2-2: Strikes out swinging
Batting: RHB Dan Allred 0-0: Ball
1-0: Foul Ball, location: 2F
1-1: Swinging Strike
1-2: Strikes out swinging
Batting: LHB Karel Hort 0-0: Ball
1-0: Ball
2-0: Ball
3-0: Called Strike
3-1: Ground out 4-3 (Groundball, 34D, EV 106.9 MPH)
Top of the 9th over - 0 runs, 0 hits, 0 errors, 0 left on base; Milwaukee (NYP) 2 - West Virginia 2
BOTTOM OF THE 9TH
West Virginia Black Bears batting - Pitching for Milwaukee (NYP) Brewers : RHP Omar Morales
Now at C: Dusty Bates
Batting: RHB Chris Arroyo 0-0: Ball
1-0: Ball
2-0: DOUBLE (Groundball, 5L, EV 108.1 MPH)
Batting: RHB Seung-mun Kim 0-0: Ball
1-0: Fly out, F7 (Line Drive, 7, EV 93.1 MPH)
Batting: RHB Perry Dominey 0-0: Ball
1-0: Ball
2-0: Ball
Wild Pitch!
Chris Arroyo to third
3-0: Called Strike
3-1: DOUBLE (Flyball, 8RXD, EV 98.1 MPH)
Chris Arroyo scores
Bottom of the 9th over - 1 run, 2 hits, 0 errors, 1 left on base; Milwaukee (NYP) 2 - West Virginia 3
Thursday, December 15th , 2022 - OOTP Baseball 23.9 Build 102